 Dungeon Crawl Stone Soup version 0.27.1 (webtiles) character file.

Game seed: 10379255896792913083

5444 speeev33 the Fighter (level 10, -20/111 HPs)
             Began as a Troll Berserker on Aug 29, 2021.
             Was a High Priest of Trog.
             Shot with an arrow by a centaur warrior (30 damage)
             ... on level 10 of the Dungeon.
             The game lasted 00:18:34 (6802 turns).

speeev33 the Fighter (Troll Berserker)              Turns: 6802, Time: 00:18:34

Health: -20/111    AC:  6    Str: 30    XL:     10   Next: 41%
Magic:  9/9        EV: 13    Int:  3    God:    Trog [*****.]
Gold:   918        SH:  0    Dex: 13    Spells: 9/9 levels left

rFire    + + .     SeeInvis .     - Unarmed
rCold    + + .     Faith    .   (no shield)
rNeg     . . .     Spirit   .   k - +2 robe of the Morning Star {rElec rF+ rC+ rCorr}
rPois    .         Reflect  .   (helmet restricted)
rElec    +         Harm     .   (no cloak)
rCorr    +         Rampage  .   (gloves unavailable)
Will     .....                  (boots unavailable)
Stlth    +.........             l - amulet of Omokubb {RegenMP rC+ rCorr Dex+4}
HPRegen  1.28/turn              o - ring of protection from fire
MPRegen  0.36/turn              (no ring)

@: studying Fighting
A: large, unfitting armour, claws 3, regeneration 1, shaggy fur 1, tough skin 1
a: Renounce Religion, Berserk, Trog's Hand, Brothers in Arms


You were on level 10 of the Dungeon.
You worshipped Trog.
Trog was extremely pleased with you.
You visited 1 branch of the dungeon, and saw 10 of its levels.
You also visited: Ossuary.

You collected 1068 gold pieces.
You spent 150 gold pieces at shops.

Inventory:

Armour
 k - the +2 robe of the Morning Star (worn) {rElec rF+ rC+ rCorr}
   (You found it on level 6 of the Dungeon)

   rF:        It protects you from fire.
   rC:        It protects you from cold.
   rElec:     It insulates you from electricity.
   rCorr:     It protects you from acid and corrosion.
Jewellery
 l - the amulet of Omokubb (around neck) {RegenMP rC+ rCorr Dex+4}
   (You bought it in a shop on level 3 of the Dungeon)

   [amulet of magic regeneration]

   It increases your rate of magic regeneration.
   Dex:       It affects your dexterity (+4).
   rC:        It protects you from cold.
   rCorr:     It protects you from acid and corrosion.
 o - a ring of protection from fire (left claw)
 v - an amulet of the acrobat
Wands
 a - a wand of charming (7)
 j - a wand of paralysis (8)
 p - a wand of flame (14)
 q - a wand of polymorph (5)
 r - a wand of iceblast (6)
Scrolls
 c - 2 scrolls of immolation
 d - 2 scrolls of fog
 n - 2 scrolls of teleportation
 w - a scroll of identify
Potions
 b - 2 potions of resistance
 e - 3 potions of haste
 f - 2 potions of curing
 g - a potion of brilliance
 h - a potion of cancellation
 i - 3 potions of attraction
 m - 2 potions of mutation
 s - a potion of might
 t - 2 potions of heal wounds
 u - a potion of magic


   Skills:
 + Level 10.7 Fighting
 + Level 8.0 Dodging
 + Level 9.5 Unarmed Combat


You had 9 spell levels left.
You didn't know any spells.
Your spell library was empty.

Dungeon Overview and Level Annotations

Branches:
Dungeon (9/15)             Temple (0/1) D:5         Ossuary (visited)
   Lair: D:8-11         Orc: D:9-12

Altars:
Dithmenos
Elyvilon
Gozag
Kikubaaqudgha
Nemelex Xobeh
Ru

Shops:
D:3 *   D:6 [   D:7 *


Innate Abilities, Weirdness & Mutations

You are too large for most types of armour.
You have claws for hands.
Your natural rate of healing is unusually fast.
You are covered in fur. (AC +1)
You have tough skin. (AC +1)


Message History

You are poisoned.
The killer bee poisons you!
You barely miss the killer bee.
You feel sick. The killer bee closely misses you.
You claw the killer bee!
You kill the killer bee!
Trog accepts your kill.
You feel sick.
You feel sick.
You feel sick.
You start resting.
You feel sick. x5
You are no longer poisoned.
Found a stone staircase leading down.
Found a scroll of identify.
w - a scroll of identify You don't have any unidentified items.
Found 14 arrows.
Found a robe and a wand of iceblast (10).
A centaur warrior comes into view.
Found a long sword and an iridescent dagger.
The centaur warrior shouts!
The centaur warrior wields a +0 shortbow.
The centaur warrior shoots an arrow.
The arrow misses you.
The centaur warrior shoots an arrow.
The arrow hits you!!
Found a chain mail and 16 gold pieces.
The centaur warrior shoots an arrow.
The arrow closely misses you.
The centaur warrior shoots an arrow.
The arrow hits you!
The centaur warrior shoots an arrow.
The arrow hits you!
The centaur warrior shoots an arrow.
The arrow barely misses you.
The centaur warrior shoots an arrow.
The arrow hits you.
The centaur warrior shoots an arrow.
The arrow hits you!
The centaur warrior shoots an arrow.
The arrow hits you.
The centaur warrior shoots an arrow.
The arrow hits you.
The centaur warrior shoots an arrow.
The arrow hits you!!
* * * LOW HITPOINT WARNING * * *
The centaur warrior shoots an arrow.
The arrow hits you!
* * * LOW HITPOINT WARNING * * *
The centaur warrior shoots an arrow.
The arrow misses you.
The centaur warrior shoots an arrow.
The arrow hits you!!
You die...

#...................)..
####................#....
#..#.............c.....[.
##........................
#....#....................
##..>#.###...............
###..####.>..............
#.....###.....(....##...
................@.## .# ..
.....#............## .##..
#.#####............##.#.##.
..###......................
..##.....................#
........#########....#...# .
........#.......#.....#..##..
........#.......#.....#......
........#.......#...........##


You could see a centaur warrior.

Vanquished Creatures
  An orc knight (D:10)
  A cyclops (D:6)
  A wraith (D:6)
  A human (D:7)
  3 yaks
  2 hogs (D:7)
  Duvessa (D:4)
  3 orc warriors
  A sky beast (D:6)
  3 ice beasts
  A necrophage (D:5)
  3 ogres (D:6)
  2 centaurs
  3 phantoms
  An elf zombie (Ossuary)
  5 bullfrogs
  A gnoll sergeant (D:6)
  3 scorpions
  A wyvern zombie (D:6)
  Dowan (D:4)
  3 killer bees (D:10)
  A howler monkey (D:6)
  3 wights (D:7)
  4 electric eels (D:7)
  2 centaur zombies (Ossuary)
  3 hounds
  2 human zombies (Ossuary)
  3 jellies
  A gnoll shaman (D:6)
  3 orc priests
  2 iguanas (D:4)
  4 orc wizards
  2 killer bee zombies
  A hound zombie (Ossuary)
  2 hound skeletons
  3 mummies (Ossuary)
  12 adders
  A shadow imp (D:5)
  2 white imps
  2 ufetubi
  4 adder zombies (Ossuary)
  4 worms
  A dart slug (D:5)
  38 orcs
  11 ball pythons
  3 endoplasms
  3 giant cockroaches
  11 hobgoblins
  10 quokkas
  8 bats
  3 frilled lizards (D:1)
  5 goblins
  4 goblin zombies (Ossuary)
  2 hobgoblin zombies (Ossuary)
  4 jackal zombies (Ossuary)
  14 kobolds
  4 kobold zombies (Ossuary)
  2 orc zombies (Ossuary)
  4 quokka zombies (Ossuary)
  5 rats
  5 rat zombies (Ossuary)
239 creatures vanquished.

Vanquished Creatures (others)
  An orc wizard (D:7)
  10 plants
11 creatures vanquished.

Grand Total: 250 creatures vanquished

Notes
Turn   | Place    | Note
-------+----------+-------------------------------------------
     0 | D:1      | speeev33 the Troll Berserker began the quest for the Orb.
     0 | D:1      | Reached XP level 1. HP: 22/22 MP: 0/0
    96 | D:1      | Reached XP level 2. HP: 23/29 MP: 1/1
   489 | D:1      | Found a faded altar of an unknown god.
   733 | D:2      | Reached XP level 3. HP: 34/36 MP: 2/2
   780 | D:2      | Reached skill level 3 in Fighting
   842 | D:2      | Reached ** piety under Trog
   991 | D:2      | Reached XP level 4. HP: 42/45 MP: 3/3
  1416 | D:3      | Identified a scroll of acquirement
  1416 | D:3      | Acquired a manual of Fighting
  1656 | D:3      | Found Pasyzuk's Assorted Antiques.
  1804 | D:3      | Reached XP level 5. HP: 53/53 MP: 4/4
  2058 | D:3      | Found a sacrificial altar of Ru.
  2174 | D:3      | Found a white marble altar of Elyvilon.
  2294 | D:4      | Reached *** piety under Trog
  2295 | D:4      | Noticed a phantom
  2307 | D:4      | Killed a phantom
  2308 | D:4      | Reached skill level 4 in Fighting
  2385 | D:4      | Noticed Duvessa
  2385 | D:4      | Noticed Dowan
  2388 | D:4      | Killed Dowan
  2389 | D:4      | Reached XP level 6. HP: 63/63 MP: 5/5
  2396 | D:4      | Killed Duvessa
  2503 | D:4      | Reached skill level 5 in Fighting
  2503 | D:4      | Reached skill level 5 in Unarmed Combat
  2817 | D:4      | Reached XP level 7. HP: 49/72 MP: 6/6
  3031 | D:3      | Bought a pitted garnet amulet for 150 gold pieces
  3031 | D:3      | Identified the amulet of Omokubb {RegenMP rC+ rCorr Dex+4}
                  | (You bought it in a shop on level 3 of the Dungeon)
  3066 | D:5      | Entered Level 5 of the Dungeon
  3102 | D:5      | Found a staircase to the Ecumenical Temple.
  3174 | D:5      | Found a sparkling altar of Nemelex Xobeh.
  3238 | D:5      | Reached **** piety under Trog
  3239 | D:5      | Found a shadowy altar of Dithmenos.
  3287 | D:5      | Reached skill level 6 in Fighting
  3322 | D:5      | Reached skill level 5 in Dodging
  3323 | D:5      | Reached XP level 8. HP: 78/84 MP: 7/7
  3753 | D:6      | Reached skill level 7 in Fighting
  3773 | D:6      | Noticed a cyclops
  3978 | D:6      | Reached skill level 8 in Fighting
  4024 | D:6      | Reached XP level 9. HP: 91/96 MP: 8/8
  4092 | D:6      | Killed a cyclops
  4178 | D:6      | Reached skill level 9 in Fighting
  4271 | D:6      | Found Keimag's Armour Emporium.
  4277 | D:6      | Identified the +2 robe of the Morning Star {rElec rF+ rC+
                  | rCorr}
  4712 | D:7      | Found an ancient bone altar of Kikubaaqudgha.
  5068 | D:7      | Found Lewn's Assorted Antiques.
  5126 | D:7      | Reached skill level 10 in Fighting
  5129 | D:7      | Reached ***** piety under Trog
  5130 | D:7      | Reached XP level 10. HP: 52/110 MP: 9/9
  5724 | D:8      | Found a sand-covered staircase.
  5828 | Ossuary  | Entered an ossuary
  6204 | D:9      | Found an opulent altar of Gozag.
  6472 | D:9      | You fall into a shaft and drop 1 floor!
  6472 | D:10     | Entered Level 10 of the Dungeon
  6500 | D:10     | Noticed an orc knight
  6504 | D:10     | Killed an orc knight
  6790 | D:10     | Noticed a centaur warrior
  6802 | D:10     | Shot with an arrow by a centaur warrior

Illustrated notes

Levels and vault maps discovered:
D:1:      erik_arrival_triangle_small, layout_loops_ring,
          ebering_ecumenical_altar_petrified
D:2:      layout_loops_ring
D:3:      layout_loops_ring, nicolae_overflow_hidden_temple, serial_shops, shop,
          minmay_starry_boxes
D:4:      layout_basic, kennysheep_generic_room_14, uniq_duvessa
D:5:      layout_cave_pools, nemelex_xobeh_ov_fountains_minmay,
          mainiacjoe_overflow_brackets, minmay_temple_entry_glassed_door,
          kennysheep_generic_room_8
D:6:      cheibrodos_fzero, layout_basic, serial_shops, shop
D:7:      layout_loops_cross, mainiacjoe_overflow_24_doors, serial_shops, shop,
          grunt_livestock, chequers_big_river
D:8:      layout_loops_cross, nicolae_ossuary_entry_false_entrances,
          uniq_psyche, uniq_joseph
D:9:      minmay_goldmine, layout_long_grid, nicolae_gozag_seed_capital
D:10:     cheibrodos_orc_bank, layout_cave_pools, minmay_lair_entry_grove,
          serial_shops, nicolae_inconvenience_store

Skill      XL: |  1  2  3  4  5  6  7  8  9 10 |
---------------+-------------------------------+-----
Fighting       | 3 4 5 6 8 10 | 10.7
Dodging        | 3 4 5 6 7 8 |  8.0
Unarmed Combat | 4 5 6 7 8 9 |  9.5

Action                   |  1- 3 |  4- 6 |  7- 9 | 10-12 || total
-------------------------+-------+-------+-------+-------++-------
Melee: Unarmed           |    89 |   130 |   229 |   173 ||   621
       Punch             |       |     2 |     7 |     7 ||    16
Invok: Berserk           |       |     1 |     2 |     1 ||     4
Evoke: Wand              |       |       |     1 |       ||     1
  Use: Scroll            |       |    11 |     7 |     5 ||    23
 Stab: Sleeping          |       |       |     1 |       ||     1
       Paralysed         |       |       |     2 |       ||     2
       Distracted        |       |       |     1 |       ||     1
Armor: Animal skin       |    23 |    46 |    48 |       ||   117
       Robe              |       |       |    16 |    39 ||    55
Dodge: Dodged            |    30 |    58 |   132 |    84 ||   304
